 Dungeon Crawl Stone Soup version 0.30.1-11-g7821555f0a (webtiles) character file.

Game seed: 3732065643976155171

2 73612iajs the Ducker (level 1, 0/10 HPs)
             Began as a Tengu Earth Elementalist on Dec 7, 2023.
             Slain by an endoplasm (1 damage)
             ... on level 1 of the Dungeon.
             The game lasted 00:00:33 (93 turns).

73612iajs the Ducker (Tengu Earth Elementalist)       Turns: 93, Time: 00:00:33

Health: 0/10       AC:  2    Str:  8    XL:     1   Next: 30%
Magic:  4/4        EV: 12    Int: 15    God:
Gold:   0          SH:  0    Dex: 14    Spells: 3/4 levels left

rFire   . . .        (no weapon)
rCold   . . .        (no shield)
rNeg    . . .        a - +0 robe
rPois   .            (helmet restricted)
rElec   .            (no cloak)
rCorr   .            (no gloves)
SInv    .            (boots unavailable)
Will    .....        (no amulet)
Stlth   ++           (no ring)
HPRegen 0.21/turn    (no ring)
MPRegen 0.09/turn

%: no passive effects
@: no status effects
A: beak, talons 3
a: no special abilities


You were on level 1 of the Dungeon.
You visited 1 branch of the dungeon, and saw 1 of its levels.

Inventory:

Missiles
 c - 5 stones
Armour
 a - a +0 robe (worn)
Potions
 b - 2 potions of magic


   Skills:
 + Level 2.3 Dodging
 + Level 2.0 Stealth
 + Level 2.0 Spellcasting
 + Level 0.7 Transmutations
 + Level 2.1 Earth Magic


You had 3 spell levels left.
You knew the following spells:

 Your Spells              Type           Power      Damage    Failure   Level
a - Sandblast             Erth           16%        2d6       9%          1

Your spell library contained the following spells:

 Spells                   Type           Power      Damage    Failure   Level
 Passwall                 Tmut/Erth      4%         N/A       19%         2
 Stone Arrow              Conj/Erth      8%         3d7       38%         3
 Petrify                  Tmut/Erth      5%         N/A       77%         4


Dungeon Overview and Level Annotations

Branches:
Dungeon (1/15)

Altars:


Innate Abilities, Weirdness & Mutations

You have a beak for a mouth.
You have claws for feet.


Message History

A hobgoblin comes into view.
The hobgoblin shouts!
A kobold comes into view. It is wielding a +0 short sword.
The hobgoblin closely misses you.
You barely miss the hobgoblin.
The endoplasm quivers.
The kobold shouts!
Your kick misses the hobgoblin. The hobgoblin closely misses you.
You hit the hobgoblin. Your kick misses the hobgoblin.
The hobgoblin is moderately wounded.
The hobgoblin hits you but does no damage.
The endoplasm barely misses you.
You hit the hobgoblin. You peck the hobgoblin.
You kill the hobgoblin!
The endoplasm hits you but does no damage.
You hit the kobold but do no damage. Your peck misses the kobold.
The kobold hits you but does no damage.
The endoplasm hits you but does no damage.
You hit the endoplasm but do no damage.
The kobold hits you with a +0 short sword.
The endoplasm freezes you.
You are frozen.
* * * LOW HITPOINT WARNING * * *
You hit the endoplasm but do no damage.
You claw the endoplasm, but do no damage.
You peck the endoplasm.
The endoplasm is lightly wounded.
The kobold hits you but does no damage. The endoplasm closely misses you.
You hit the endoplasm but do no damage. You claw the endoplasm.
Your peck misses the endoplasm.
The endoplasm is moderately wounded.
The kobold misses you.
A frilled lizard comes into view.
The endoplasm freezes you.
You are frozen.
* * * LOW HITPOINT WARNING * * *
The kobold throws a stone.
The stone hits you but does no damage. The endoplasm closely misses you.
The endoplasm attacks as you move away! The endoplasm hits you.
You die...

.....# #.... #....
##... ##.... ##....##
##)##.K)# ##....J..#
#.. ...........@.# #..
.⌠...........#..... #.#
....#...#...#.#.. #.#
.!.........#.#.# #.#
#.........#.#.# #.#
.........#...#
##.########.####..#...#
#.................#...#
#.##############......#


You could see an endoplasm and a kobold.

Vanquished Creatures
  A hobgoblin (D:1)
  A rat (D:1)
2 creatures vanquished.

Notes
Turn   | Place    | Note
-------+----------+-------------------------------------------
     0 | D:1      | 73612iajs the Tengu Earth Elementalist began the quest for
                  | the Orb.
     0 | D:1      | Reached XP level 1. HP: 10/10 MP: 4/4
    93 | D:1      | Slain by an endoplasm

Illustrated notes

Levels and vault maps discovered:
D:1:      dpeg_arrival_leaves_temple_mockup, layout_basic,
          hellmonk_ecumenical_altar_defaced_shrine,
          nicolae_concentric_dashed_squares_mild

Action                     || total
---------------------------++-------
  Melee: Unarmed           ||     8
         Kick              ||     2
         Peck              ||     2
 Armour: Robe              ||     7
  Dodge: Dodged            ||     7
